 Dungeon Crawl Stone Soup version 0.17.1-2-g5865329 (webtiles) character file.

635 Goblin1989 the Insei (level 7, 0/44 HPs)
             Began as an Octopode Transmuter on Jan 24, 2016.
             Was a Follower of Cheibriados.
             Slain by an orc
             ... wielding a +0 dagger
              (1 damage)
             ... on level 5 of the Dungeon.
             The game lasted 00:24:08 (5547 turns).

Goblin1989 the Insei (Octopode Transmuter)          Turns: 5547, Time: 00:24:08

Health: 0/44       AC:  3    Str: 12    XL:     7   Next: 50%
Magic:  10/10      EV: 13    Int: 20    God:    Cheibriados [*.....]
Gold:   229        SH:  0    Dex: 16    Spells: 3 memorised, 3 levels left

rFire  . . .     SeeInvis .       - Unarmed
rCold  + . .     Clarity  .     (no shield)
rNeg   . . .     SustAt   .     (helmet restricted)
rPois  .         Gourm    .     (no amulet)
rElec  .         Spirit   .     s - ring of protection from cold
rCorr  .         Warding  .     u - +2 ring of protection
rMut   .         Stasis   .     (no ring)
MR     .....                    (no ring)
Stlth  ++........               (no ring)
                                (no ring)
                                (no ring)
                                (no ring)

@: appendage, very slow, not resistant to hostile enchantments, unstealthy
A: almost no armour, amphibious, 8 rings, constrict 8, tentacle spike 3,
camouflage 1, gelatinous body 1
a: End Transformation, Bend Time, Renounce Religion


You were on level 5 of the Dungeon.
You worshipped Cheibriados.
Cheibriados was aware of your devotion.
You were not hungry.
One of your tentacles had a temporary spike.
You visited 2 branches of the dungeon, and saw 6 of its levels.

You collected 229 gold pieces.

Inventory:

Hand Weapons
 b - a +0 blowgun
Missiles
 a - 88 arrows
 e - 5 javelins of returning (quivered)
 h - 8 poisoned needles
 i - 2 needles of sleeping
 A - 3 arrows of flame
Jewellery
 s - a ring of protection from cold (left tentacle)
 u - a +2 ring of protection (right tentacle)
Scrolls
 d - a scroll of remove curse {unknown}
 k - a scroll of enchant armour {unknown}
 t - a scroll of fear
Potions
 j - 4 potions of curing
 m - a potion of flight
 p - 2 potions of cure mutation
 w - a potion of poison {unknown}
 z - a potion of haste {unknown}
Books
 f - a book of Changes

   Spells                             Type                      Level
   a - Beastly Appendage              Transmutation                1
   b - Sticks to Snakes               Transmutation                2
   c - Spider Form                    Transmutation/Poison         3
   d - Ice Form                       Ice/Transmutation            4
   e - Blade Hands                    Transmutation                5
Comestibles
 c - 2 bread rations
 g - 4 meat rations
 l - a slice of pizza


   Skills:
 + Level 1.7 Fighting
 + Level 2.5 Dodging
 + Level 5.9 Unarmed Combat
 - Level 2.0 Spellcasting
 * Level 5.0 Transmutations
 + Level 2.6 Ice Magic


You had 3 spell levels left.
You knew the following spells:

 Your Spells              Type           Power        Failure   Level  Hunger
a - Beastly Appendage     Trmt           ###...       1%          1    #......
b - Sticks to Snakes      Trmt           ###.......   2%          2    ##.....
c - Ice Form              Ice/Trmt       ###.....     38%         4    #####..


Dungeon Overview and Level Annotations

Branches:
Dungeon (5/15)             Temple (1/1) D:4

Altars:
Cheibriados
Dithmenos
Elyvilon
Fedhas
Gozag
Kikubaaqudgha
Makhleb
Nemelex Xobeh
Okawaru
Qazlal
Ru
Sif Muna
Trog
Vehumet
Xom
Yredelemnul
Zin
The Shining One


Innate Abilities, Weirdness & Mutations

You cannot wear most types of armour.
You are amphibious.
You can wear up to eight rings at the same time.
You can use your tentacles to constrict eight enemies at once.
Your skin changes colour to match your surroundings (Stealth).
Your rubbery body absorbs attacks (AC +1).
One of your tentacles bears a large vicious spike.


Message History

The centaur hits you!
* * * LOW HITPOINT WARNING * * *
The orc hits you but does no damage. The centaur hits you!
* * * LOW HITPOINT WARNING * * *
You barely miss the centaur.
You pierce the centaur, but do no damage.
You squeeze the centaur.
You kill the centaur!
Cheibriados thoroughly appreciates the change of pace.
Your Transmutations skill increases to level 5!
The orc barely misses you.
You barely miss the orc. Your grab misses the orc. You squeeze the orc.
The orc is heavily wounded.
The orc completely misses you.
You tentacle-slap the orc. You grab the orc.
You pierce the orc, but do no damage.
The orc is almost dead.
You constrict the orc, but do no damage.
The orc hits you with a dagger.
You die...

#............
#....#####.#.
#.#.....# .#
#.#.###.# .#
#.#.# #.# .#
#.#.# #.# .# #.#
#.# .#
.#.###.##)#
#........@o#
#######.#........
#.#........
#.#.##.#### #.#.#
.# #.#.# # #.#.#
#.#.#


You could see an orc.

Vanquished Creatures
  2 ogres
  A centaur (D:5)
  A scorpion (D:4)
  2 orc wizards
  2 worker ants (D:4)
  5 adders
  An ooze (D:1)
  An adder skeleton (D:4)
  An adder zombie (D:4)
  2 worms
  2 giant geckos
  20 orcs
  A ball python (D:2)
  9 bats
  6 giant cockroaches
  9 goblins
  8 hobgoblins
  10 jackals
  7 giant newts
  9 kobolds
  A quokka (D:4)
  A quokka skeleton (D:4)
  8 rats
109 creatures vanquished.

Vanquished Creatures (collateral kills)
  An ogre (D:4)
  A gnoll (D:4)
  An adder (D:3)
  A goblin (D:3)
4 creatures vanquished.

Grand Total: 113 creatures vanquished

Notes
Turn   | Place    | Note
--------------------------------------------------------------
     0 | D:1      | Goblin1989 the Octopode Transmuter began the quest for the Orb.
     0 | D:1      | Reached XP level 1. HP: 13/13 MP: 3/3
    77 | D:1      | Reached XP level 2. HP: 18/18 MP: 5/5
   543 | D:1      | Reached skill level 4 in Unarmed Combat
   733 | D:1      | Reached XP level 3. HP: 19/23 MP: 6/6
   990 | D:1      | Learned a level 2 spell: Sticks to Snakes
  1030 | D:2      | Found an opulent altar of Gozag.
  1765 | D:2      | Reached XP level 4. HP: 28/28 MP: 7/7
  1980 | D:2      | Learned a level 4 spell: Ice Form
  2416 | D:3      | Noticed an ogre
  2975 | D:3      | Found a basalt altar of Yredelemnul.
  2991 | D:3      | Reached skill level 1 in Ice Magic
  3208 | D:3      | Reached XP level 5. HP: 28/33 MP: 8/8
  3250 | D:3      | Reached skill level 5 in Unarmed Combat
  3417 | D:4      | Found a staircase to the Ecumenical Temple.
  3426 | Temple   | Entered the Ecumenical Temple
  3442 | Temple   | Became a worshipper of Cheibriados the Contemplative
  3837 | D:4      | Noticed an ogre
  3856 | D:4      | Got a crystal war axe
  3857 | D:4      | Identified the +6 war axe "Detwody" {flame, SInv} (You found it on level 4 of the Dungeon)
  3916 | D:4      | Found a sparkling altar of Nemelex Xobeh.
  3921 | D:4      | Found a basalt altar of Yredelemnul.
  3977 | D:4      | Killed an ogre
  3977 | D:4      | Reached XP level 6. HP: 14/38 MP: 1/9
  4369 | D:4      | Noticed an ogre
  4402 | D:4      | Killed an ogre
  4594 | D:4      | Reached * piety under Cheibriados
  4870 | D:4      | Reached XP level 7. HP: 43/43 MP: 8/10
  5201 | D:3      | Killed an ogre
  5472 | D:5      | Entered Level 5 of the Dungeon
  5542 | D:5      | HP: 1/43 [orc/dagger (2)]
  5545 | D:5      | Reached skill level 5 in Transmutations
  5547 | D:5      | Slain by an orc

Action                   |  1- 3 |  4- 6 |  7- 9 || total
-------------------------+-------+-------+-------++-------
Melee: Unarmed           |    94 |   146 |    38 ||   278
 Cast: Beastly Appendage |     1 |    20 |     5 ||    26
       Sticks to Snakes  |       |    12 |     4 ||    16
  Use: Potion            |     1 |     1 |     1 ||     3
       Scroll            |       |       |    12 ||    12
 Stab: Sleeping          |     6 |     8 |     1 ||    15
       Distracted        |       |     1 |       ||     1
  Eat: Chunk             |     1 |     8 |     1 ||    10
       Beef jerky        |     1 |     2 |       ||     3
